 Dungeon Crawl Stone Soup version 0.28-a0-664-gc179e30c89 (webtiles) character file.

Game seed: 4386553174025094531

164 ytrimaz the Ducker (level 5, 0/36 HPs)
             Began as an Octopode Fighter on Oct 16, 2021.
             Slain by a gnoll (2 damage)
             ... on level 3 of the Dungeon.
             The game lasted 00:03:48 (2935 turns).

ytrimaz the Ducker (Octopode Fighter)               Turns: 2935, Time: 00:03:49

Health: 0/36       AC:  1    Str: 15    XL:     5   Next: 45%
Magic:  5/5        EV: 14    Int: 11    God:
Gold:   148        SH:  5    Dex: 12    Spells: 4/4 levels left

rFire   . . .      SeeInvis .   a - +0 rapier
rCold   . . .      Faith    .   b - +0 buckler
rNeg    . . .      Spirit   .   (helmet restricted)
rPois   .          Reflect  .   (no amulet)
rElec   .          Harm     .   e - ring of wizardry
rCorr   .          Rampage  .   (no ring)
Will    .....                   (no ring)
Stlth   ++........              (no ring)
HPRegen 0.12/turn               (no ring)
MPRegen 0.09/turn               (no ring)
                                (no ring)
                                (no ring)

@: mighty
A: almost no armour, amphibious, 8 rings, camouflage 1, gelatinous body 1,
(nimble swimmer 1), tentacles
a: no special abilities


You were on level 3 of the Dungeon.
You visited 1 branch of the dungeon, and saw 3 of its levels.

You collected 148 gold pieces.

Inventory:

Hand Weapons
 a - a +0 rapier (weapon)
Armour
 b - a +0 buckler (worn)
Magical Staves
 j - a staff of death
Jewellery
 e - a ring of wizardry (left tentacle)
Wands
 g - a wand of mindburst (15)
Scrolls
 f - a scroll of immolation {unknown}
 k - 2 scrolls of noise {unknown}
 l - a scroll of identify {unknown}
Potions
 d - 2 potions of curing
 h - a potion of invisibility {unknown}
 i - 2 potions of degeneration {unknown}


   Skills:
 - Level 3.0 Fighting
 - Level 2.0 Short Blades
 * Level 5.3 Dodging
 - Level 4.0 Shields


You had 4 spell levels left.
You didn't know any spells.
Your spell library contained the following spells:

 Spells                   Type           Power      Damage    Failure   Level
 Tukima's Dance           Hex            0%         N/A       38%         3
 Airstrike                Air            0%         N/A       77%         4
 Passage of Golubria      Tloc           N/A        N/A       77%         4
 Summon Lightning Spire   Summ/Air       0%         N/A       77%         4
 Lightning Bolt           Conj/Air       0%         1d11      98%         5
 Yara's Violent Unravell  Hex/Tmut       0%         3d3       98%         5


Dungeon Overview and Level Annotations

Branches:
Dungeon (3/15)

Altars:
Nemelex Xobeh
Xom


Innate Abilities, Weirdness & Mutations

You cannot wear most types of armour.
You are amphibious.
You can wear up to eight rings at the same time.
Your skin changes colour to match your surroundings (Stealth+).
Your rubbery body absorbs attacks. (AC +1, EV +1)
((You are camouflaged near water. (Stealth+)))
You have tentacles for arms and can constrict up to eight enemies at once.


Message History

Found 12 gold pieces.
Terence the Incautious comes into view.
He is wielding a +1 mace of venom.
You feel very mighty all of a sudden. The gnoll barely misses you.
The helpless Terence fails to defend himself.
You puncture Terence! You grab Terence. You squeeze Terence.
Terence is severely wounded.
You constrict Terence. The gnoll barely misses you.
Terence hits you with a +1 mace of venom.
You hit Terence. You squeeze Terence.
You kill Terence!
Training target 4.0 for Shields reached!
Your Shields skill increases to level 4!
Things that are here:
a +1 mace of venom; a +0 scale mail You barely miss the gnoll.
You grab the gnoll.
The gnoll is heavily wounded.
You constrict the gnoll.
The gnoll struggles to escape constriction.
You hit the gnoll.
The gnoll is severely wounded.
You constrict the gnoll.
The gnoll escapes!
You block the gnoll's attack.
You completely miss the gnoll. Your grab misses the gnoll.
The gnoll is severely wounded.
You block the gnoll's attack.
You barely miss the gnoll. Your grab misses the gnoll.
The gnoll is severely wounded.
You block the gnoll's attack.
The gnoll hits you from afar with a +0 spear!
Found 12 arrows.
You block the gnoll's attack. The gnoll misses you.
The gnoll hits you with a +0 club!
The gnoll hits you from afar with a +1 vorpal halberd!
* * * LOW HITPOINT WARNING * * *
x2 It was a potion of curing.
You feel better. The gnoll closely misses you.
You feel better.
The gnoll hits you from afar with a +0 spear.
The gnoll hits you from afar with a +1 vorpal halberd!
* * * LOW HITPOINT WARNING * * *
You die...

........#)#######
....##..#.#.#.#.#
#......#..#.....#
#..........#.#..#
#.......#..#....#
##.......#...#...#
........(..#.#...#
#......g.g.#..#.##
#....@.gg...#.#
#....##########
#####


You could see 4 gnolls.

Vanquished Creatures
  Terence (D:3)
  3 adders (D:2)
  4 gnolls
  A worm (D:2)
  2 dart slugs (D:1)
  An orc (D:3)
  5 endoplasms
  2 giant cockroaches (D:2)
  5 goblins
  9 hobgoblins
  8 jackals (D:1)
  A quokka (D:3)
  3 ball pythons
  2 bats
  3 frilled lizards (D:1)
  8 kobolds
  7 rats
65 creatures vanquished.

Notes
Turn   | Place    | Note
-------+----------+-------------------------------------------
     0 | D:1      | ytrimaz the Octopode Fighter began the quest for the Orb.
     0 | D:1      | Reached XP level 1. HP: 16/16 MP: 1/1
    94 | D:1      | Reached XP level 2. HP: 20/21 MP: 2/2
   159 | D:1      | Reached XP level 3. HP: 7/26 MP: 3/3
   775 | D:1      | Found a faded altar of an unknown god.
  1085 | D:2      | Reached skill level 4 in Dodging
  1162 | D:2      | Found a shimmering altar of Xom.
  1381 | D:2      | Reached XP level 4. HP: 25/31 MP: 4/4
  2246 | D:2      | Reached XP level 5. HP: 36/36 MP: 5/5
  2568 | D:2      | Reached skill level 5 in Dodging
  2879 | D:3      | Found a sparkling altar of Nemelex Xobeh.
  2909 | D:3      | Noticed Terence
  2914 | D:3      | Killed Terence
  2935 | D:3      | Slain by a gnoll

Illustrated notes

Levels and vault maps discovered:
D:1:      giann_horns, layout_basic, basic_ecumenical_altar
D:2:      minmay_razor_zed, layout_loops_cross, basic_altar, serial_glass,
          glass_columns_b, glass_columns_b, due_unseen_surprise,
          minmay_strange_pillars
D:3:      layout_loops_ring, mainiacjoe_overflow_surrounded_room,
          nemelex_xobeh_ov_fountains_minmay, nicolae_tso_carved_into_rock,
          hangedman_decor_peaks_small, chequers_hall_statues_y,
          minmay_diced_spiral, uniq_terence, uniq_natasha

Skill      XL: |  1  2  3  4  5 |
---------------+----------------+-----
Dodging        | 4 5 |  5.3
Shields        | 4 |  4.0
Fighting       | |  3.0
Short Blades   | |  2.0

Action                   |  1- 3 |  4- 6 || total
-------------------------+-------+-------++-------
Melee: Rapier            |    70 |    67 ||   137
       Constrict         |    16 |    22 ||    38
       Tentacles         |    10 |    13 ||    23
  Use: Scroll            |       |     3 ||     3
       Potion            |       |     3 ||     3
 Stab: Sleeping          |     2 |     3 ||     5
Armor: Skin              |     3 |     4 ||     7
Dodge: Dodged            |    40 |    46 ||    86
Block: Buckler           |    12 |    21 ||    33

Table legend: (Time is in decaauts)
 A = Elapsed time spent in this place.
 B = Non-inter-level travel time spent in this place.
 C = Inter-level travel time spent in this place.
 D = Time resting spent in this place.
 E = Time spent auto-exploring this place.
 F = Levels seen in this place.
 G = Mean time per level.
                   A        B        C        D        E       F      G
               +--------+--------+--------+--------+--------+-----+--------+
         Total |   2950 |   2900 |     50 |    576 |   1719 |   3 |  983.3 |
       Dungeon |   2950 |   2900 |     50 |    576 |   1719 |   3 |  983.3 |
               +--------+--------+--------+--------+--------+-----+--------+

Top non-repeatable levels by time:
     D:2: 1654 daAuts
     D:1: 1130 daAuts
     D:3: 165 daAuts
